 Dungeon Crawl Stone Soup version 0.25-a0-949-gdd2af9e06e (webtiles) character file.

Game seed: 13871857728894271184, levelgen mode: deterministic

413 Flugslaktarn the Chopper (level 6, -2/61 HPs)
             Began as a Minotaur Fighter on May 8, 2020.
             Slain by a killer bee (4 damage)
             ... on level 5 of the Dungeon.
             The game lasted 00:00:50 (2022 turns).

Flugslaktarn the Chopper (Minotaur Fighter)         Turns: 2022, Time: 00:00:50

Health: -2/61      AC: 13    Str: 19    XL:     6   Next: 59%
Magic:  5/5        EV:  4    Int:  3    God:
Gold:   193        SH:  9    Dex: 11    Spells: 5/5 levels left

rFire    . . .     SeeInvis .   a - +0 war axe
rCold    . . .     Gourm    .   c - +0 kite shield
rNeg     . . .     Faith    .   f - +0 plate armour
rPois    +         Spirit   .   (helmet restricted)
rElec    .         Reflect  .   r - +0 cloak
rCorr    .         Harm     .   (no gloves)
MR       .....                  (no boots)
Stlth    ..........             (no amulet)
HPRegen  0.20/turn              o - ring of poison resistance
MPRegen  0.09/turn              (no ring)

@: lethally poisoned (-2 -> -14)
A: retaliatory headbutt, horns 2, talons 1, dopey 1, robust 1, weak 1
a: no special abilities


You were on level 5 of the Dungeon.
You were not hungry.

You visited 1 branch of the dungeon, and saw 5 of its levels.

You collected 193 gold pieces.

Inventory:

Hand Weapons
 a - a +0 war axe (weapon)
Armour
 c - a +0 kite shield (worn)
 f - a +0 plate armour (worn)
   (You found it on level 4 of the Dungeon)
 r - a +0 cloak (worn)
   (You found it on level 4 of the Dungeon)
Jewellery
 o - a ring of poison resistance (left hand)
   (You found it on level 5 of the Dungeon)
Scrolls
 g - a scroll of identify {unknown}
 h - 2 scrolls of remove curse {unknown}
 j - 2 scrolls of amnesia {unknown}
 l - a scroll of enchant weapon {unknown}
 n - a scroll of teleportation {unknown}
 p - a scroll of enchant armour {unknown}
 q - a scroll of immolation {unknown}
Potions
 d - a potion of might
 k - a potion of curing {unknown}
 m - a potion of experience {unknown}
Comestibles
 e - 3 rations


   Skills:
 + Level 5.1 Fighting
 * Level 5.7 Axes
 + Level 5.1 Armour
 + Level 5.1 Shields


You had 5 spell levels left.
You didn't know any spells.
Your spell library was empty.

Dungeon Overview and Level Annotations

Branches:
Dungeon (5/15)
 Temple: D:4-7

Altars:
Trog
Xom


Innate Abilities, Weirdness & Mutations

You reflexively headbutt those who attack you in melee.
You have a pair of horns on your head.
You have sharp toenails.
You are dopey. (Int -2)
You are robust. (+10% HP)
You are weak. (Str -2)


Message History

You are too injured to fight recklessly!
You are too injured to fight recklessly!
* * * LOW HITPOINT WARNING * * *
You feel sick.
The killer bee stings you but does no damage.
You block the killer bee's attack.
It was a potion of magic.
Magic courses through your body.
* * * LOW HITPOINT WARNING * * *
You feel sick.
The killer bee stings you but does no damage. x2
The killer bee barely misses you.
The killer bee stings you but does no damage.
It was a potion of mutation.
You feel extremely strange.
You feel robust.
You feel weaker.
You feel stupid.
Your toenails lengthen and sharpen.
* * * LOW HITPOINT WARNING * * *
You feel sick.
The killer bee stings you but does no damage.
The killer bee stings you.
You die...

.# #...###......# ##.....#
.###<...........# #######
....#...........# ##+# #####
<...+....###.#'## #..# #...#
....####........###.####...######
....# ###....#..)<....'.........
....# ######..##.####.(..#####
....# ##.##.##...##.# #####
#@##.##...##.# #yy#.##...##.#
#.....yyy...+...+..#
#......y...##...##.#
#..........##...##.#
###.......>......#.#
#..[...#....##.#.# #......#....#
####?..#....#


You could see 6 killer bees.

Vanquished Creatures
  A phantom (D:4)
  An ogre (D:4)
  2 scorpions
  A hound (D:4)
  5 adders
  4 gnolls (D:2)
  An adder skeleton (D:4)
  2 leopard geckos (D:2)
  2 bats (D:2)
  3 giant cockroaches
  A goblin (D:2)
  A hobgoblin (D:3)
  3 jackals (D:2)
  A quokka (D:3)
  4 kobolds
  A quokka skeleton (D:4)
33 creatures vanquished.

Notes
Turn   | Place    | Note
-------+----------+-------------------------------------------
     0 | D:1      | Flugslaktarn the Minotaur Fighter began the quest for the
                  | Orb.
     0 | D:1      | Reached XP level 1. HP: 19/19 MP: 0/0
   156 | D:2      | Reached XP level 2. HP: 25/27 MP: 1/1
   359 | D:2      | Reached XP level 3. HP: 33/33 MP: 2/2
   561 | D:3      | Reached XP level 4. HP: 40/40 MP: 3/3
   911 | D:4      | Found a bloodstained altar of Trog.
   911 | D:4      | Found a shimmering altar of Xom.
   929 | D:4      | Noticed an ogre
   936 | D:4      | Killed an ogre
   936 | D:4      | Reached XP level 5. HP: 24/47 MP: 4/4
   938 | D:4      | Reached skill level 5 in Axes
  1402 | D:4      | Noticed a phantom
  1411 | D:4      | Reached XP level 6. HP: 51/55 MP: 5/5
  1427 | D:4      | Reached skill level 5 in Fighting
  1427 | D:4      | Reached skill level 5 in Armour
  1427 | D:4      | Reached skill level 5 in Shields
  1601 | D:5      | Entered Level 5 of the Dungeon
  2021 | D:5      | HP: 2/56 [poisoned by a killer bee]
  2022 | D:5      | Gained mutation: You are robust. (+10% HP) [potion of
                  | mutation]
  2022 | D:5      | Gained mutation: You are weak. (Str -2) [potion of
                  | mutation]
  2022 | D:5      | Gained mutation: You are dopey. (Int -2) [potion of
                  | mutation]
  2022 | D:5      | Gained mutation: You have sharp toenails. [potion of
                  | mutation]
  2022 | D:5      | Slain by a killer bee

Levels and vault maps discovered:
D:1:      dpeg_arrival_fog, layout_loops_cross
D:2:      layout_loops_corners
D:3:      layout_basic
D:4:      layout_rooms, gammafunk_temple_overflow_elements,
          hangedman_decor_clover_reticule
D:5:      layout_basic, kennysheep_mini, first_ration, minmay_misc_feat_columns

Skill      XL: |  1  2  3  4  5  6 |
---------------+-------------------+-----
Axes           | 3 4 5 |  5.7
Shields        | 4 5 |  5.1
Fighting       | 4 5 |  5.1
Armour         | 4 5 |  5.1

Action                   |  1- 3 |  4- 6 || total
-------------------------+-------+-------++-------
Melee: War axe           |    49 |    45 ||    94
       Headbutt          |     8 |     6 ||    14
  Use: Potion            |       |     2 ||     2
  Eat: Chunk             |       |     1 ||     1
       Ration            |       |     1 ||     1
Armor: Scale mail        |    29 |     1 ||    30
       Plate armour      |       |    58 ||    58
Dodge: Dodged            |    23 |    18 ||    41
Block: Kite shield       |    30 |    36 ||    66

Table legend:
 A = Non-vault XP
 B = Vault XP
 C = Vault XP percentage of total XP
 D = Non-vault monster count
 E = Vault monster count
 F = Vault count percentage of total count
                 A         B        C        D         E       F
            +---------+---------+-------+---------+---------+-------
      Total |     590 |       0 |   0.0 |      33 |       0 |   0.0
            +---------+---------+-------+---------+---------+-------
        D:1 |       1 |       0 |   0.0 |       1 |       0 |   0.0
        D:2 |      95 |       0 |   0.0 |      18 |       0 |   0.0
        D:3 |      17 |       0 |   0.0 |       3 |       0 |   0.0
        D:4 |     407 |       0 |   0.0 |      10 |       0 |   0.0
        D:5 |      70 |       0 |   0.0 |       1 |       0 |   0.0
            +---------+---------+-------+---------+---------+-------
